Unix NetHack Version 5.0.0-0 post-release - last build May  4 2026 22:22:43 (774f63e81ad911689b3a0859ea89b322d5daca8d,branch:main).

Game began 2026-05-07 05:56:01, ended 2026-05-07 06:08:28.

01245990302, chaotic male orcish Rogue

                                ------      ------------
                                |.....####  |..........|        --------
                   `############|....|   #  |..........|        |......|
                   #-------    #|..<.|   #  |..........|      ##.......|
                   #|B.?..|    #|....|   ###...........|      # |......|
                   #|.....|    #--.---      |..........|f#######-......|
                   #|.....|    ######       |......._..Z@    #  --#-.---
      --------     #|......#      #         ----------|-     #      #
      |......-######......|#      #                   #      #      #
      |......|  ####-------#      #                   #      #      ###
      |.......###          #      #                   #      #        #
      --------             #      #                   #      #        ##
                           #   ---.--                 #      #   ------|----
                           #   |....|                 #    ###   |.........|
                           ####|.....#              --|--- #     |!!!!!!.!.|
                              #|....|#              |....|)#     |!!!!!!!!!|
                              #.....|#######        |..>..#      |!!!.!!!!!|
                               ------      #########.....|       -----------
                                                    --#---

01245990302 the Cutpurse  St:15 Dx:16 Co:10 In:13 Wi:11 Ch:11  Chaotic
Dlvl:3  $:43 HP:0(27) Pw:9(9) AC:7  Xp:3 T:1814  Fainted  Deaf

Latest messages:
 You already found a monster.  Use 'm' prefix to force another search.
 You already found a monster.  Use 'm' prefix to force another search.
 You already found a monster.  Use 'm' prefix to force another search.
 You already found a monster.  Use 'm' prefix to force another search.
 You already found a monster.  Use 'm' prefix to force another search.
 You hit the gecko.
 You miss the gecko.
 You hit the gecko.
 The gecko bites!
 You kill the gecko!
 Welcome to experience level 3.
 You faint from lack of food.
 You regain consciousness.
 You can hear again.
 You faint from lack of food.
 The kitten drops an effervescent potion.
 The kitten picks up an effervescent potion.
 You regain consciousness.
 You faint from lack of food.
 The kitten drops an effervescent potion.
 The kitten picks up an effervescent potion.
 You regain consciousness.
 You can hear again.
 You faint from lack of food.
 You regain consciousness.
 You can hear again.
 You hear someone cursing shoplifters.
 You faint from lack of food.
 You regain consciousness.
 You swap places with your kitten.
 You faint from lack of food.
 You regain consciousness.
 You can hear again.
 You faint from lack of food.
 The gnome zombie hits!
 The gnome zombie hits!
 The gnome zombie hits!
 The gnome zombie hits!
 The gnome zombie hits!
 The gnome zombie hits!
 The gnome zombie hits!
 You regain consciousness.
 You faint from lack of food.
 The gnome zombie hits!
 You die...
 Do you want your possessions identified? [ynq] (y) y
 Do you want to see your attributes? [ynq] (y) y
 Do you want an account of creatures vanquished? [ynaq] (y) y
 Do you want to see your conduct and achievements? [ynq] (y) y
 Do you want to see the dungeon overview? [ynq] (y) y

Inventory:
 Coins    ('$')
  $ - 43 gold pieces
 Weapons  (')')
  b - 6 +0 orcish daggers (alternate weapons; not wielded)
  a - a blessed +0 orcish short sword (weapon in right hand)
 Armor    ('[')
  c - an uncursed +1 leather armor (being worn)
 Potions  ('!')
  d - an uncursed potion of sickness
  j - an uncursed potion of water
 Tools    ('(')
  f - an empty uncursed sack
  e - an uncursed lock pick
 Gems/Stones  ('*')
  i - 2 uncursed worthless pieces of black glass

01245990302 the Rogue's attributes:

Background:
 You were a Cutpurse, a level 3 male orcish Rogue.
 You were chaotic, nominally on a mission for Kos
 who was opposed by Issek (lawful) and Mog (neutral).
 You were right-handed.
 You were in the Dungeons of Doom, on level 3.
 You entered the dungeon 1814 turns ago.
 You had 41 experience points, 39 more were needed to attain level 4.

Basics:
 You had 0 out of 27 hit points.
 You had all 9 energy points (spell power).
 Your armor class was 7.
 Your wallet contained 43 zorkmids.
 Autopickup was off.

Final Characteristics:
 Your strength was 15 (base:16, limit:18/50).
 Your dexterity was 16 (limit:18).
 Your constitution was 10 (limit:18).
 Your intelligence was 13 (limit:16).
 Your wisdom was 11 (limit:16).
 Your charisma was 11 (limit:16).

Final Status:
 You were deaf.
 You were fainted due to starvation.
 You were unencumbered.
 You were wielding a short sword.
 You had basic skill with short sword.

Final Attributes:
 You were devoutly aligned.
 You were poison resistant.
 You had infravision.
 You were stealthy.
 You were warded.
 You are dead.

Miscellaneous:
 You didn't encounter any bones levels.
 Total elapsed playing time was 12 minutes and 26 seconds.

Major events:
 Turn
    1: 01245990302 the chaotic male orcish Rogue entered the dungeon
 1686: attained the rank of Cutpurse (level 3)
 1814: killed by a gnome zombie, while fainted from lack of food

You didn't know any spells.

Skills:
 Fighting Skills
   bare handed combat [Unskilled]
   two weapon combat  [Unskilled]
   riding             [Unskilled]
 Weapon Skills
   dagger             [Basic]
   knife              [Unskilled]
   short sword        [Basic]
   broadsword         [Unskilled]
   long sword         [Unskilled]
   two-handed sword   [Unskilled]
   saber              [Unskilled]
   club               [Unskilled]
   mace               [Unskilled]
   morning star       [Unskilled]
   flail              [Unskilled]
   hammer             [Unskilled]
   polearms           [Unskilled]
   spear              [Unskilled]
   crossbow           [Unskilled]
   dart               [Unskilled]
   shuriken           [Unskilled]
 Spellcasting Skills
   divination spells  [Unskilled]
   escape spells      [Unskilled]
   matter spells      [Unskilled]

Voluntary challenges:
 Character rerolling was not enabled.
 You were an atheist.
 You were illiterate.
 You never genocided any monsters.
 You never polymorphed an object.
 You never changed form.
 You used no wishes.
Achievements:
 You entered a shop.
 You attained the rank of Cutpurse.

 The Dungeons of Doom: levels 1 to 3
    Level 1:
       Many fountains.
    Level 2:
       A potion shop.
    Level 3: <- You were here.
       A potion shop, an altar.
       Final resting place for
          you, killed by a gnome zombie, while fainted from lack of food.


Vanquished creatures:
  a brown mold
  a red mold
  4 geckos
  8 jackals
  a fox
  a goblin
  2 sewer rats
  4 grid bugs
  5 lichens
  a newt
28 creatures vanquished.

No species were genocided or became extinct.

Game over:
                       ----------
                      /          \
                     /    REST    \
                    /      IN      \
                   /     PEACE      \
                  /                  \
                  |   01245990302    |
                  |      43 Au       |
                  |   killed by a    |
                  |   gnome zombie   |
                  |                  |
                  |                  |
                  |       2026       |
                 *|     *  *  *      | *
        _________)/\\_//(\/(/\)/\//\/|_)_______

Goodbye 01245990302 the Rogue...

You died in The Dungeons of Doom on dungeon level 3 with 303 points,
and 43 pieces of gold, after 1814 moves.
You were level 3 with a maximum of 27 hit points when you died.

